 Dungeon Crawl Stone Soup version 0.29.0-4-gdea44cf6ec (webtiles) character file.

Game seed: 17535775849329752655

34 qw the Chopper (level 3, -2/21 HPs)
             Began as a Tengu Warper on Aug 28, 2022.
             Succumbed to Sigmund's poison
             ... on level 2 of the Dungeon.
             The game lasted 00:00:11 (2056 turns).

qw the Chopper (Tengu Warper)                       Turns: 2056, Time: 00:00:11

Health: -2/21      AC: 10    Str: 13    XL:     3   Next: 31%
Magic:  7/7        EV:  1    Int: 13    God:
Gold:   155        SH:  7    Dex: 13    Spells: 6/6 levels left

rFire   . . .      SeeInvis .   Y - +0 hand axe
rCold   . . .      Faith    .   a - +0 kite shield
rNeg    . . .      Spirit   .   b - +0 plate armour
rPois   .          Reflect  .   (helmet restricted)
rElec   .          Harm     .   (no cloak)
rCorr   .          Rampage  .   (no gloves)
Will    .....                   (boots unavailable)
Stlth   ..........              (no amulet)
HPRegen 0.07/turn               (no ring)
MPRegen 0.10/turn               (no ring)

@: lethally poisoned (-2 -> -24)
A: beak, talons 3
a: no special abilities


You were on level 2 of the Dungeon.
You visited 1 branch of the dungeon, and saw 2 of its levels.

You collected 155 gold pieces.


Innate Abilities, Weirdness & Mutations

You have a beak for a mouth.
You have claws for feet.


   Skills:
 - Level 2.0 Fighting
 - Level 4.0 Axes
 - Level 1.0 Throwing
 - Level 1.1 Armour
 - Level 2.1 Dodging
 + Level 0.1 Shields
 - Level 2.0 Spellcasting
 - Level 2.4 Translocations


You had 6 spell levels left.
You didn't know any spells.
Your spell library contained the following spells:

 Spells                   Type           Power      Damage    Failure   Level
 Blink                    Tloc           14%        N/A       100%        2
 Gell's Gravitas          Tloc           7%         N/A       100%        3
 Lesser Beckoning         Tloc           7%         N/A       100%        3
 Teleport Other           Tloc           7%         N/A       100%        3
 Manifold Assault         Tloc           7%         N/A       100%        5

Inventory:

Hand Weapons
 i - a +0 whip
 Y - a +0 hand axe (weapon)
Armour
 a - a +0 kite shield (worn)
 b - a +0 plate armour (worn)
Potions
 c - a potion of lignification {unknown}
 d - a potion of magic {unknown}
 g - a potion of brilliance {unknown}
 h - a potion of resistance {unknown}

Dungeon Overview and Level Annotations

Branches:
Dungeon (2/15)

Altars:

Annotations:
D:2 Sigmund


Message History

An endoplasm is nearby!
2030 ||| Stepping randomly (stuck).
An endoplasm is nearby!
An endoplasm is nearby!
2031 ||| Stepping randomly (stuck).
An endoplasm is nearby!
An endoplasm is nearby!
2032 ||| Stepping randomly (stuck).
You hit the endoplasm. You claw the endoplasm.
You kill the endoplasm!
You now have 155 gold pieces (gained 11).
Sigmund the Dreaded comes into view.
He is wielding a +1 scythe of venom.
Sigmund shouts!
Sigmund is nearby!
Sigmund is nearby!
2046 ||| Stepping randomly (stuck).
Sigmund points at you and mumbles some strange words.
You are confused.
2048 ||| DRINKING potion of curing.
You feel better.
2048 ||| (to cure confusion) Sigmund gestures at you while chanting.
You are confused.
You bump into the translucent rock wall.
Sigmund hits you but does no damage.
You are poisoned.
Sigmund attacks as you move away! Sigmund hits you but does no damage.
You are more poisoned.
You feel very sick.
You feel very sick.
You're too confused to move!
You feel very sick.
Sigmund points at you and mumbles some strange words.
You resist with significant effort.
You feel sick. Sigmund hits you but does no damage.
You are lethally poisoned!
You feel very sick.
Sigmund hits you from afar with a +1 scythe of venom.
You are more poisoned.
You feel less confused.
You die...

#..........# #........##.
#.########## #.......(##.
##.# ########.......##.
##..#######...#######...###
##..##...###...###..
#######
#..##....###...###.. #....
#.##..#..##.....##.. ##...
#.#..##..#..@#...#.. #...
#.#..###...@###!...# ####
#.#..###....###....# #
#.#..####...###...##
#....############### #...##
#..## ####


You could see Sigmund.

Vanquished Creatures
  3 dart slugs (D:2)
  3 endoplasms
  A giant cockroach (D:2)
  3 goblins
  4 hobgoblins
  2 quokkas (D:1)
  A ball python (D:1)
  A frilled lizard (D:2)
  4 kobolds
  4 rats (D:2)
26 creatures vanquished.

Notes
Turn   | Place    | Note
-------+----------+-------------------------------------------
     0 | D:1      | qw the Tengu Warper began the quest for the Orb.
     0 | D:1      | Reached XP level 1. HP: 12/12 MP: 4/4
     0 | D:1      | 0 ||| qw: Version: 0.1-a-89-g26bdef1
     0 | D:1      | 0 ||| qw: Game counter: 2452
     0 | D:1      | 0 ||| qw: Always use a shield: true
     0 | D:1      | 0 ||| qw: God list: Okawaru
     0 | D:1      | 0 ||| qw: Allow faded altars: false
     0 | D:1      | 0 ||| qw: Do Orc after D:15 true
     0 | D:1      | 0 ||| qw: Do second Lair branch before Depths: true
     0 | D:1      | 0 ||| qw: Lair rune preference: random
     0 | D:1      | 0 ||| qw: Plans: Normal
     0 | D:1      | 0 ||| PLANNING D:1-11
   162 | D:1      | Found a faded altar of an unknown god.
   745 | D:1      | 745 ||| Stepping ~*~*~tactically~*~*~ (stealth).
   747 | D:1      | Reached XP level 2. HP: 12/17 MP: 6/6
   748 | D:1      | Reached skill level 3 in Axes
   748 | D:1      | 748 ||| Stepping ~*~*~tactically~*~*~ (stealth).
   750 | D:1      | 750 ||| Stepping ~*~*~tactically~*~*~ (stealth).
   840 | D:1      | 840 ||| READING scroll labelled YZIESCHU NYSHO.
   841 | D:1      | 841 ||| DRINKING 2 sedimented coppery potions.
   842 | D:1      | 842 ||| DROPPING scroll of blinking.
  1016 | D:2      | 1016 ||| FLEEEEING.
  1017 | D:2      | 1017 ||| FLEEEEING.
  1018 | D:2      | 1018 ||| FLEEEEING.
  1019 | D:2      | 1019 ||| FLEEEEING.
  1020 | D:2      | 1020 ||| FLEEEEING.
  1021 | D:2      | 1021 ||| FLEEEEING.
  1022 | D:2      | 1022 ||| FLEEEEING.
  1023 | D:2      | 1023 ||| FLEEEEING.
  1024 | D:2      | 1024 ||| FLEEEEING.
  1025 | D:2      | 1025 ||| FLEEEEING.
  1026 | D:2      | 1026 ||| FLEEEEING.
  1027 | D:2      | 1027 ||| FLEEEEING.
  1028 | D:2      | 1028 ||| FLEEEEING.
  1063 | D:2      | 1063 ||| FLEEEEING.
  1079 | D:2      | 1079 ||| FLEEEEING.
  1080 | D:2      | 1080 ||| FLEEEEING.
  1081 | D:2      | 1081 ||| FLEEEEING.
  1082 | D:2      | 1082 ||| FLEEEEING.
  1083 | D:2      | 1083 ||| FLEEEEING.
  1084 | D:2      | 1084 ||| FLEEEEING.
  1086 | D:2      | 1086 ||| STAIRDANCE
  1148 | D:1      | 1148 ||| UPGRADING to +0 chain mail.
  1158 | D:1      | 1158 ||| DROPPING +0 leather armour.
  1162 | D:2      | 1162 ||| Stepping ~*~*~tactically~*~*~ (hiding).
  1205 | D:2      | 1205 ||| FLEEEEING.
  1207 | D:2      | 1207 ||| FLEEEEING.
  1208 | D:2      | 1208 ||| FLEEEEING.
  1210 | D:2      | 1210 ||| FLEEEEING.
  1211 | D:2      | 1211 ||| STAIRDANCE
  1402 | D:2      | 1402 ||| DROPPING +0 club.
  1527 | D:2      | 1527 ||| Stepping ~*~*~tactically~*~*~ (hiding).
  1529 | D:2      | 1529 ||| Stepping ~*~*~tactically~*~*~ (hiding).
  1539 | D:2      | Reached XP level 3. HP: 12/21 MP: 7/7
  1546 | D:2      | 1546 ||| FLEEEEING.
  1547 | D:2      | 1547 ||| FLEEEEING.
  1548 | D:2      | 1548 ||| FLEEEEING.
  1549 | D:2      | 1549 ||| FLEEEEING.
  1550 | D:2      | 1550 ||| FLEEEEING.
  1551 | D:2      | 1551 ||| FLEEEEING.
  1552 | D:2      | 1552 ||| FLEEEEING.
  1553 | D:2      | 1553 ||| FLEEEEING.
  1554 | D:2      | 1554 ||| FLEEEEING.
  1555 | D:2      | 1555 ||| FLEEEEING.
  1556 | D:2      | 1556 ||| FLEEEEING.
  1557 | D:2      | 1557 ||| FLEEEEING.
  1558 | D:2      | 1558 ||| FLEEEEING.
  1559 | D:2      | 1559 ||| FLEEEEING.
  1560 | D:2      | 1560 ||| FLEEEEING.
  1561 | D:2      | 1561 ||| FLEEEEING.
  1562 | D:2      | 1562 ||| FLEEEEING.
  1563 | D:2      | 1563 ||| STAIRDANCE
  1666 | D:1      | 1666 ||| UPGRADING to +0 plate armour.
  1676 | D:1      | 1676 ||| DROPPING +0 chain mail.
  1677 | D:1      | 1677 ||| READING scroll labelled JUHAIS ROTZO.
  1786 | D:2      | 1786 ||| Stepping ~*~*~tactically~*~*~ (hiding).
  1972 | D:2      | Reached skill level 4 in Axes
  2015 | D:2      | 2015 ||| UPGRADING to +0 kite shield.
  2020 | D:2      | 2020 ||| Stepping randomly (stuck).
  2021 | D:2      | 2021 ||| Stepping randomly (stuck).
  2022 | D:2      | 2022 ||| Stepping randomly (stuck).
  2023 | D:2      | 2023 ||| Stepping randomly (stuck).
  2024 | D:2      | 2024 ||| Stepping randomly (stuck).
  2025 | D:2      | 2025 ||| Stepping randomly (stuck).
  2026 | D:2      | 2026 ||| Stepping randomly (stuck).
  2027 | D:2      | 2027 ||| Stepping randomly (stuck).
  2028 | D:2      | 2028 ||| Stepping randomly (stuck).
  2029 | D:2      | 2029 ||| Stepping randomly (stuck).
  2030 | D:2      | 2030 ||| Stepping randomly (stuck).
  2031 | D:2      | 2031 ||| Stepping randomly (stuck).
  2032 | D:2      | 2032 ||| Stepping randomly (stuck).
  2045 | D:2      | Noticed Sigmund
  2046 | D:2      | 2046 ||| Stepping randomly (stuck).
  2048 | D:2      | 2048 ||| DRINKING potion of curing.
  2048 | D:2      | 2048 ||| (to cure confusion)
  2055 | D:2      | HP: 3/21 [Sigmund/+1 scythe of venom (3)]
  2056 | D:2      | Succumbed to Sigmund's poison

Levels and vault maps discovered:
D:1:      psy_arrival_fountain, layout_basic, basic_ecumenical_altar,
          hangedman_abyss_or_decor_lesser_grid, chequers_arboretum
D:2:      layout_basic, dreamdust_wishing_well, hangedman_glass_teeth,
          uniq_sigmund

Skill      XL: |  1  2  3 |
---------------+----------+-----
Axes           | 3 4 |  4.0
Fighting       | |  2.0
Throwing       | |  1.0
Armour         | |  1.1
Dodging        | |  2.1
Shields        | |  0.1
Spellcasting   | |  2.0
Translocations | |  2.4

Action                   || total
-------------------------++-------
Melee: Hand axe          ||    57
       Kick              ||    16
       Peck              ||     9
Throw: Boomerang         ||     7
  Use: Scroll            ||     2
       Potion            ||     2
Armor: Leather armour    ||     3
       Chain mail        ||     3
       Plate armour      ||     7
Dodge: Dodged            ||    12

Table legend:
 A = Non-vault XP
 B = Vault XP
 C = Vault XP percentage of total XP
 D = Non-vault monster count
 E = Vault monster count
 F = Vault count percentage of total count
                 A         B        C        D         E       F
            +---------+---------+-------+---------+---------+-------
      Total |      49 |       0 |   0.0 |      26 |       0 |   0.0
            +---------+---------+-------+---------+---------+-------
        D:1 |      13 |       0 |   0.0 |       8 |       0 |   0.0
        D:2 |      36 |       0 |   0.0 |      18 |       0 |   0.0
            +---------+---------+-------+---------+---------+-------
